 Dungeon Crawl Stone Soup version 0.17-a0-1393-gcb420ff (webtiles) character file.

907 bal the Ducker (level 7, -7/61 HPs)
             Began as a Green Draconian Chaos Knight on June 16, 2015.
             Mangled by a wyvern (17 damage)
             ... on level 8 of the Dungeon.
             The game lasted 00:14:13 (3907 turns).

bal the Ducker (Green Draconian Chaos Knight)       Turns: 3907, Time: 00:14:13

Health: -7/61      AC:  6    Str: 16      XL:     7   Next: 81%
Magic:  7/7        EV: 13    Int: 12      God:    Xom [..*...]
Gold:   252        SH:  0    Dex:  8 (13) Spells: 0 memorised, 6 levels left

rFire  + . .     SeeInvis .     a - +1 hand axe (chaos)
rCold  . . .     Rnd*Rage +     (armour unavailable)
rNeg   . . .     SustAt   .     (no shield)
rPois  +         Gourm    .     (helmet restricted)
rElec  .         Spirit   .     (no cloak)
rCorr  .         Warding  .     (no gloves)
rMut   .         Stasis   .     (no boots)
MR     .....                    (no amulet)
Stlth  ++........               (no ring)
                                (no ring)

@: not resistant to hostile enchantments, unstealthy
A: breathe noxious fumes, unfitting armour, stinger 2, agile 1, berserk 1, fire
resistance 1, poison resistance, slow healing 1, cold-blooded, AC +6
a: Breathe Noxious Fumes, Renounce Religion


You were on level 8 of the Dungeon.
You worshipped Xom.
You were a toy of Xom.
You were not hungry.

You visited 1 branch of the dungeon, and saw 6 of its levels.

You collected 252 gold pieces.

Inventory:

Hand weapons
 a - a +1 hand axe of chaos (weapon)
Magical devices
 c - a wand of cold (9)
 g - a wand of random effects (24)
 l - a wand of hasting (0)
 m - a wand of fire (7)
 r - a wand of frost (17)
Scrolls
 e - a scroll of immolation
 j - 3 scrolls of identify
 k - a scroll of fog {unknown}
 n - a scroll of amnesia
Potions
 d - a potion of mutation
Comestibles
 b - 8 bread rations
 f - 7 beef jerkies
 h - 4 chunks of flesh
 i - 2 meat rations
 p - 11 fruits


   Skills:
 + Level 5.1 Fighting
 + Level 5.2 Axes
 + Level 1.0 Throwing
 + Level 5.4 Dodging
 + Level 3.6 Stealth
 + Level 0.4 Evocations


You had 6 spell levels left.
You didn't know any spells.

Dungeon Overview and Level Annotations

Branches:
Dungeon (8/15)
 Temple: D:4-7         Lair: D:8-11

Altars:
Fedhas
Okawaru
The Shining One

Annotations:
D:3 Ijyb


Innate Abilities, Weirdness & Mutations

You can breathe blasts of noxious fumes.
Your lurid green scales are hard (AC +6).
Your body does not fit into most forms of armour.
Your system is resistant to poisons.
You are cold-blooded and may be slowed by cold attacks.
Your tail ends in a sharp poisonous barb.
You are agile. (Dex +2)
You tend to lose your temper in combat.
Your flesh is heat resistant.
You heal slowly when monsters are visible.


Message History

Your crimson imp barely misses the wyvern.
The wyvern bites you.
You hit the wyvern but do no damage. You tail-slap the wyvern.
The wyvern is almost dead.
Your crimson imp disappears in a puff of smoke!
The wyvern bites you!
* * * LOW HITPOINT WARNING * * *
The wyvern barely misses you.
You barely miss the wyvern.
The wyvern is almost dead.
The wyvern closely misses you.
You closely miss the wyvern.
Your tail-slap misses the wyvern.
The wyvern is almost dead.
The wyvern looks more healthy.
The wyvern bites you!
* * * LOW HITPOINT WARNING * * *
The wyvern bites you but does no damage.
You closely miss the wyvern.
The wyvern is almost dead.
The wyvern bites you!
You die...

...####.##
##....####...........
###).....####..##.##
#...##..###.
#..####....####..# #...#..##
#. #..###....##
##.###..#..## ##.
#.###...#..#####.........#
#..
###.#...####.......#......##
#.. ..((....#
#......#####...# #..
..##...## #.###l.#
##...####..# ..###..#
##.###@## ##...#†....## ..#
#..# #..##..####..###....##
..#
##.####....?..##..###....##
..####.........##....##
#....#
.......####...#####.##
##....### ........# ##..#
#..###.......##
.....#..####..#
#..............
....###.......#
##.#####........
...####....$..####..#
#........


You could see a wyvern.

Vanquished Creatures
  The ghost of Ontamu the Insei, an average DsMo (D:4)
  A sky beast (D:8)
  An ogre (D:8)
  A wasp (D:8)
  A phantom (D:8)
  A centaur (D:8)
  A scorpion (D:8)
  A giant frog zombie (D:8)
  2 hounds
  An orc wizard (D:8)
  A giant frog skeleton (D:8)
  A worker ant (D:8)
  A hound skeleton (D:8)
  A worker ant zombie (D:8)
  2 adders
  An ooze (D:1)
  2 worms (D:2)
  An adder zombie (D:8)
  4 giant geckos
  4 goblins
  5 hobgoblins
  4 kobolds
  8 bats
  A giant cockroach (D:4)
  A giant newt (D:1)
  4 jackals (D:2)
  A quokka skeleton (D:4)
  8 rats
61 creatures vanquished.

Vanquished Creatures (collateral kills)
  An ogre (D:8)
1 creature vanquished.

Grand Total: 62 creatures vanquished

Notes
Turn   | Place    | Note
--------------------------------------------------------------
     0 | D:1      | bal the Draconian Chaos Knight began the quest for the Orb.
     0 | D:1      | Reached XP level 1. HP: 19/19 MP: 1/1
   112 | D:1      | XOM: silly message
   347 | D:1      | Reached XP level 2. HP: 23/26 MP: 2/2
   535 | D:1      | XOM is BORED!
   535 | D:1      | XOM: silly message
   636 | D:1      | XOM: divination: detect creatures
   720 | D:1      | Gained mutation: Your tail ends in a poisonous barb. [potion of mutation]
   720 | D:1      | Gained mutation: You are agile. (Dex +2) [potion of mutation]
   720 | D:1      | Gained mutation: You tend to lose your temper in combat. [potion of mutation]
   845 | D:2      | Reached XP level 3. HP: 31/33 MP: 3/3
   996 | D:2      | Found a faded altar to an unknown god.
  1048 | D:2      | Found a glowing golden altar of the Shining One.
  1118 | D:2      | XOM is BORED!
  1118 | D:2      | XOM: medium Divn miscast
  1295 | D:3      | XOM: noise
  1398 | D:3      | XOM: divination: detect items
  1426 | D:3      | Noticed Ijyb
  1444 | D:3      | Noticed Ijyb
  1444 | D:3      | Ijyb changed into Ijyb the iguana
  1450 | D:3      | Ijyb the iguana changed into Ijyb the sheep
  1452 | D:3      | Noticed Ijyb
  1452 | D:3      | Ijyb the sheep changed into Ijyb the boggart
  1453 | D:3      | XOM: potion effect (might)
  1457 | D:3      | Noticed Ijyb
  1457 | D:3      | Ijyb the boggart changed into Ijyb the porcupine
  1460 | D:3      | Noticed Ijyb
  1460 | D:3      | Ijyb the porcupine changed into Ijyb the water moccasin
  1465 | D:3      | Noticed Ijyb
  1465 | D:3      | Ijyb the water moccasin changed into Ijyb the two-headed ogre
  1481 | D:3      | Noticed Ijyb
  1481 | D:3      | Ijyb the two-headed ogre changed into Ijyb the crocodile
  1482 | D:3      | XOM: harmless Pois miscast
  1484 | D:3      | Noticed Ijyb
  1484 | D:3      | Ijyb the crocodile changed into Ijyb the scorpion
  1514 | D:4      | Reached skill level 4 in Fighting
  1514 | D:4      | Reached XP level 4. HP: 25/40 MP: 4/4
  1524 | D:4      | Reached skill level 1 in Stealth
  1698 | D:4      | XOM: noise
  1722 | D:4      | Noticed Ontamu's ghost (average DsMo)
  1731 | D:4      | XOM: potion effect (berserk rage)
  1735 | D:4      | Killed Ontamu's ghost
  1735 | D:4      | Reached XP level 5. HP: 29/46 MP: 5/5
  1936 | D:4      | Found a blossoming altar of Fedhas.
  2139 | D:5      | Entered Level 5 of the Dungeon
  2181 | D:5      | You are sucked into a shaft for 3 floors!
  2237 | D:8      | Noticed a centaur
  2237 | D:8      | XOM: swap monsters
  2243 | D:8      | Reached XP level 6. HP: 49/53 MP: 6/6
  2270 | D:8      | Noticed a wyvern
  2291 | D:8      | Killed a centaur
  2393 | D:8      | Noticed a phantom
  2399 | D:8      | XOM: confuse monster(s)
  2429 | D:8      | XOM: fake destruction
  2441 | D:8      | Killed a phantom
  2500 | D:8      | Your scales start taking on a lurid green colour.
  2500 | D:8      | Gained mutation: Your system is resistant to poisons. [Green Draconian growth]
  2500 | D:8      | Reached XP level 7. HP: 24/60 MP: 7/7
  2685 | D:8      | XOM: 4-stop teleportation journey
  2803 | D:8      | Found an iron altar of Okawaru.
  2804 | D:8      | Noticed a sky beast
  2837 | D:8      | Killed a sky beast
  2841 | D:8      | Gained mutation: You heal slowly when monsters are visible. [mutagenic meat]
  2842 | D:8      | Gained mutation: Your tail ends in a sharp poisonous barb. [mutagenic meat]
  2843 | D:8      | Gained mutation: Your flesh is heat resistant. [mutagenic meat]
  2931 | D:8      | XOM: silly message
  3019 | D:8      | XOM: cast spell 'Summon Butterflies'
  3229 | D:8      | XOM: 1-stop teleportation journey
  3415 | D:8      | XOM: harmless Summ miscast
  3462 | D:8      | Reached skill level 1 in Throwing
  3560 | D:8      | XOM: medium Erth miscast
  3564 | D:8      | XOM: summons 7 friendly demons
  3571 | D:8      | Reached skill level 5 in Axes
  3571 | D:8      | Reached skill level 5 in Dodging
  3625 | D:8      | Reached skill level 5 in Fighting
  3627 | D:8      | XOM: summons 3 hostile demons
  3663 | D:8      | Noticed an ogre
  3668 | D:8      | XOM: summons friendly crimson imp
  3669 | D:8      | Killed an ogre
  3907 | D:8      | Mangled by a wyvern

Vault maps used:
D:1:      matt_arrival_spirals, minmay_misc_feat_five, minmay_misc_feat_plants
D:2:      tso_metal_star, ecumenical_altar_1
D:3:      first_bread, uniq_iyjb, uniq_crazy_yiuf_cottage
D:4:      fedhas_altar_fruit_tree
D:5:      lemuel_coloured_pillars_altar, lightli_temple_of_fire,
          portal_sewer_entry_a, minmay_ogre_servants
D:8:      grunt_ogre_cave, okawaru_metal_pillars_1_2

Action                   |  1- 3 |  4- 6 |  7- 9 || total
-------------------------+-------+-------+-------++-------
Melee: Hand axe          |   102 |    53 |    76 ||   231
Throw: Javelin           |     5 |       |       ||     5
Evoke: Wand              |       |     4 |     4 ||     8
  Use: Potion            |     4 |     3 |       ||     7
       Scroll            |     5 |     3 |     2 ||    10
 Stab: Sleeping          |     3 |     1 |     4 ||     8
       Petrifying        |     1 |     1 |     1 ||     3
       Paralysed         |       |     1 |       ||     1
  Eat: Chunk             |     1 |     3 |     4 ||     8
       Beef jerky        |     1 |       |       ||     1
       Meat ration       |       |     1 |       ||     1
